 Dungeon Crawl Stone Soup version 0.18-a0-1805-g8ab820f (webtiles) character file.

71 varam the Skirmisher (level 4, 40/40 HPs)
             Began as a Centaur Fighter on Apr 26, 2016.
             Quit the game on level 1 of the Dungeon.
             The game lasted 00:04:53 (3215 turns).

varam the Skirmisher (Centaur Fighter)              Turns: 3215, Time: 00:04:54

Health: 40/40      AC:  5    Str: 19    XL:     4   Next: 5%
Magic:  4/4        EV:  6    Int:  7    God:
Gold:   98         SH:  8    Dex:  9    Spells: 0 memorised, 3 levels left

rFire  . . .     SeeInvis .     a - +0 trident
rCold  + . .     Gourm    .     f - +1 leather armour {rC+}
rNeg   . . .     Faith    .     c - +0 shield
rPois  .         Spirit   .     (no helmet)
rElec  .         Dismiss  .     (no cloak)
rCorr  .         Reflect  .     (no gloves)
SustAt .         Harm     .     (no barding)
MR     .....                    (no amulet)
Stlth  ..........               (no ring)
                                r - -5 ring of slaying (curse)

@: very quick, not resistant to hostile enchantments, extremely unstealthy
A: hooves 3, deformed body, speed 2, tough skin 3
a: no special abilities


You were on level 1 of the Dungeon.
You were full.

You visited 1 branch of the dungeon, and saw 3 of its levels.

You collected 98 gold pieces.

Inventory:

Hand Weapons
 a - a +0 trident (weapon)
Armour
 b - a +0 scale mail
 c - a +0 shield (worn)
 f - a +1 leather armour of cold resistance (worn)
 g - a +0 plate armour
Jewellery
 r - a cursed -5 ring of slaying (left hand)
Scrolls
 i - 2 scrolls of noise
 l - 2 scrolls of teleportation
 n - a scroll of identify
Potions
 d - a potion of might
 e - 4 potions of haste (quivered) {unknown}
 h - 4 potions of agility {unknown}
 k - 2 potions of invisibility {unknown}
 o - 2 potions of curing {unknown}
 p - a potion of flight {unknown}
 s - a potion of degeneration {unknown}
Comestibles
 j - a meat ration


   Skills:
 + Level 4.0 Fighting
 + Level 3.0 Polearms
 - Level 2.1 Armour
 - Level 2.1 Shields


You had 3 spell levels left.
You didn't know any spells.

Dungeon Overview and Level Annotations

Branches:
Dungeon (3/15)

Altars:


Innate Abilities, Weirdness & Mutations

You have hooves in place of feet.
Armour fits poorly on your strangely shaped body.
You cover ground very quickly.
You have extremely tough skin (AC +3).


Message History

* * * LOW HITPOINT WARNING * * *
You feel sick.
You start resting.
* * * LOW HITPOINT WARNING * * *
You feel sick.
You are no longer poisoned.
You start resting.
You are feeling hungry.
You start resting.
HP restored.
Eat which item? (? for menu, Esc to quit)
You can't eat that!
Eat which item? (? for menu, Esc to quit)
You continue eating. x2
You finish eating.
That meat ration really hit the spot!
Quiver which item? (- for none, * to show all) (? for menu, Esc to quit)
You don't have any such object.
Quiver which item? (- for none, * to show all) (? for menu, Esc to quit)
Quivering
e - 4 viscous red potions for throwing.
Are you sure you want to abandon this character and quit the game? (Confirm with "yes".)

......# ######.####
......####......#
........##......#
....###.........#
##.......#......#
##..............#
.........#......#
##.......#......##
.........#......@#
.........#######.###
##.......# #......#
#.......####...(..#
#.................#
############......#
########


There were no monsters in sight!

Vanquished Creatures
  A gnoll (D:1)
  An adder (D:2)
  2 oozes
  A worm (D:2)
  A dart slug (D:1)
  3 giant geckos
  4 bats
  4 goblins
  3 hobgoblins (D:2)
  6 kobolds
  A quokka (D:2)
  A ball python (D:1)
  3 giant newts (D:1)
  7 rats
38 creatures vanquished.

Notes
Turn   | Place    | Note
--------------------------------------------------------------
     0 | D:1      | varam the Centaur Fighter began the quest for the Orb.
     0 | D:1      | Reached XP level 1. HP: 19/19 MP: 1/1
   143 | D:1      | Reached XP level 2. HP: 26/26 MP: 2/2
   629 | D:1      | Reached XP level 3. HP: 31/31 MP: 3/3
  1641 | D:2      | Reached skill level 4 in Fighting
  1776 | D:2      | Reached XP level 4. HP: 40/40 MP: 4/4
  2901 | D:1      | HP: 2/40 [poisoned by an adder]
  2909 | D:1      | HP: 1/40 [poisoned by an adder]
  3215 | D:1      | Quit the game

Vault maps used:
D:1:      wheals_arrival_shading, minmay_misc_feat_plants
D:2:      st_stairs_6
D:3:      cheibriados_altar_wand_db, marbit_many_paths,
          overflow_temple_1_default

Skill      XL: |  1  2  3 |
---------------+----------+-----
Polearms       | 2 3 |  3.0
Fighting       | 4 |  4.0
Armour         | |  2.1
Shields        | |  2.1

Action                   |  1- 3 |  4- 6 || total
-------------------------+-------+-------++-------
Melee: Trident           |    98 |    76 ||   174
       Kick              |    16 |     5 ||    21
  Use: Scroll            |     2 |       ||     2
  Eat: Bread ration      |     1 |       ||     1
       Meat ration       |       |     1 ||     1
       Beef jerky        |       |     1 ||     1
Armor: Scale mail        |     2 |       ||     2
       Plate armour      |    15 |       ||    15
       Leather armour    |     3 |    30 ||    33
Dodge: Dodged            |     6 |    31 ||    37
Block: Shield            |    28 |    30 ||    58
